 Dungeon Crawl Stone Soup version 0.31.0-11-ge490571c62 (webtiles) character file.

Game seed: 3140346594425377431

30204 dakkaduck the Severer (level 13, 0/183 (187) HPs)
             Began as a Minotaur Berserker on Feb 4, 2024.
             Was a High Priest of Trog.
             Slain by an orc knight
             ... wielding a +0 glaive
              (22 damage)
             ... while paralysed by an orc sorcerer
             ... on level 2 of the Orcish Mines.
             The game lasted 00:16:41 (11229 turns).

dakkaduck the Severer (Minotaur Berserker)         Turns: 11229, Time: 00:16:42

HP:   0/183 (187)   AC: 16    Str: 30    XL:     13   Next: 19%
MP:   4/4           EV:  2    Int:  2    God:    Trog [*****.]
Gold: 1465          SH:  0    Dex: 19    Spells: 12/12 levels left

rFire   . . .        a - +4 broad axe (antimagic)
rCold   . . .        F - +3 buckler
rNeg    + . .        I - +0 swamp dragon scales of Salvation {rPois rN+ Regen+ Int-2}
rPois   +            (helmet restricted)
rElec   +            N - +1 cloak
rCorr   .            f - +0 pair of gloves
SInv    .            w - +0 pair of boots
Will    .....        (no amulet) Stlth
                     k - ring of Lerghaget {+Blink rC- Str+4 Dex+2 Slay+4}
HPRegen 1.30/turn    r - ring "Eptur" {rElec rPois rC+ Dex+6}
MPRegen 0.09/turn

%: no passive effects
@: paralysed, berserking, lethally poisoned (0 -> -7), weakened, lightly drained
A: horns 2, retaliatory headbutt
a: Renounce Religion, Evoke Blink, Berserk, Trog's Hand, Brothers in Arms


You were on level 2 of the Orcish Mines.
You worshipped Trog.
Trog was extremely pleased with you.
You visited 2 branches of the dungeon, and saw 15 of its levels.

You collected 1647 gold pieces.
You spent 182 gold pieces at shops.

Inventory:

Hand Weapons
 a - a +4 antimagic broad axe (weapon)
 n - the +11 Singing Sword {sonic wave}
   (You found it on level 10 of the Dungeon)
 D - a +2 flail of protection
 H - a +0 war axe
Missiles
 h - 22 boomerangs (quivered)
 t - 3 throwing nets
Armour
 f - a +0 pair of gloves (worn)
 w - a +0 pair of boots (worn)
 F - a +3 buckler (worn)
 I - the +0 swamp dragon scales of Salvation (worn) {rPois rN+ Regen+ Int-2}
   (You found it on level 9 of the Dungeon)

   Int-2:     It affects your intelligence (-2).
   rPois:     It protects you from poison rN+: It protects you from negative
   energy.
   Regen+:    It increases your rate of health regeneration.
 M - a +0 cloak
 N - a +1 cloak (worn)
Jewellery
 k - the ring of Lerghaget (left hand) {+Blink rC- Str+4 Dex+2 Slay+4}
   (You found it on level 2 of the Dungeon)

   [ring of slaying]

   Str+4:     It affects your strength (+4).
   Dex+2:     It affects your dexterity (+2).
   Slay+4:    It affects your accuracy & damage with ranged weapons and melee
   (+4).
   rC-:       It makes you vulnerable to cold.
   +Blink:    It lets you blink.
 r - the ring "Eptur" (right hand) {rElec rPois rC+ Dex+6}
   (You acquired it on level 12 of the Dungeon)

   [ring of dexterity]

   Dex+6:     It affects your dexterity (+6).
   rC+:       It protects you from cold.
   rElec:     It insulates you from electricity.
   rPois:     It protects you from poison
 A - a ring of poison resistance
 K - a ring of willpower
Wands
 b - a wand of paralysis (6)
 j - a wand of iceblast (9)
 J - a wand of acid (8)
Scrolls
 g - a scroll of immolation
 i - 3 scrolls of enchant weapon
 l - a scroll of summoning
 o - 2 scrolls of noise
 p - 2 scrolls of fear
 s - 2 scrolls of revelation
 u - a scroll of enchant armour
 v - a scroll of poison
 G - 2 scrolls of fog {unknown}
 T - 4 scrolls of teleportation
 W - a scroll of blinking
Potions
 c - 4 potions of resistance
 d - 4 potions of haste
 e - 4 potions of mutation
 m - a potion of enlightenment {unknown}
 q - 6 potions of curing
 x - a potion of invisibility {unknown}
 y - a potion of degeneration {unknown}
 z - a potion of ambrosia {unknown}
 B - a potion of magic {unknown}
 C - a potion of heal wounds {unknown}
 E - 2 potions of berserk rage {unknown}
 L - 2 potions of might {unknown}


   Skills:
 * Level 14.4 Fighting
 * Level 7.8 Long Blades
 - Level 16.0 Axes
 * Level 12.0 Armour
 - Level 2.1 Dodging
 * Level 9.6 Shields


You had 12 spell levels left.
You didn't know any spells.
Your spell library was empty.

Dungeon Overview and Level Annotations

Branches:
Dungeon (13/15)            Temple (0/1) D:6            Lair (0/5) D:9
    Orc (2/2) D:11            Elf (0/3) Orc:2
 Vaults: D:13-14

Altars:
Elyvilon
Gozag
Ru
Sif Muna
Xom
Zin

Shops:
D:9 :   Orc:1 :   Orc:2 !(

Annotations:
D:7 2 transporters, Flugkiller's ghost, novice VSIE
Orc:2 Saint Roka


Innate Abilities, Weirdness & Mutations

You have a pair of horns on your head.
You reflexively headbutt those who attack you in melee.


Message History

The orc sorcerer casts a spell at you.
You suddenly lose the ability to move!
The troll bites you but does no damage. The troll claws you but does no damage.
The troll claws you!
Saint Roka calls down the wrath of Beogh upon the troll.
Beogh smites you!
An orc priest comes into view. It is wielding a +0 trident.
The orc moves out of view.
The orc priest shouts!
The orange demon stings you.
You are poisoned.
The orange demon poisons you! The orange demon hits you.
You feel your attacks grow feeble.
The orc knight hits you but does no damage.
The orc sorcerer hits you but does no damage.
The troll bites you.
The troll claws you but does no damage. x2
The orc priest looks braver for a moment.
You feel very sick. The orange demon stings you!
* * * LOW HITPOINT WARNING * * *
The orange demon hits you but does no damage.
The orc knight roars a battlecry!
The orc priest goes into a battle-frenzy!
The orc sorcerer hits you with a +0 dagger.
* * * LOW HITPOINT WARNING * * *
The orc wizard gestures wildly while chanting.
The orc wizard flickers and vanishes!
The troll bites you.
* * * LOW HITPOINT WARNING * * *
The troll claws you.
* * * LOW HITPOINT WARNING * * *
The troll claws you.
* * * LOW HITPOINT WARNING * * *
The orc priest invokes the aid of Beogh against the troll.
Beogh smites you!
* * * LOW HITPOINT WARNING * * *
An orc comes into view. It is wielding a +0 club.
You feel very sick.
The orange demon stings you but does no damage.
The orange demon hits you but does no damage.
The orc knight hits you from afar with a +0 glaive!!
You die...

##...........8.8...............
##............................
##...#.....##))'##.............
###...#....###.))..###...........
#.#..##...## #8...8# ##..........
.....###..# ##...## #..........
.....##...# #...# #..........
......##..# +..4+ #..........
.#.#...##.# #o@.# #..........
...#....#.# #.8T# #..........
....#.....# #oo{# #..........
........#.#


{Tooo #.#........ ..........# o#o.o#o #..........
.....#..#.#####ooo#####.....#.##. .##.#####..# 8o.o8 #..#..#..... .....# ##.##
..... ##..#...#.... ....## #..### ###......#...#. You could see Saint Roka
(strong), an orc knight (strong), an orange demon (summoned), 2 trolls, an orc
sorcerer (strong, magic disrupted), 3 orc priests, an orc wizard (strong) and 8
orcs.

Vanquished Creatures
  An entropy weaver (shapeshifter) (D:9)
  A hydra (D:13)
  Fannar (D:12)
  6 two-headed ogres
  6 death yaks (D:9)
  A tengu warrior (D:13)
  An orc knight (Orc:2)
  3 ugly things
  An orc sorcerer (Orc:2)
  4 kobold blastminers (Orc:1)
  4 centaur zombies (D:11)
  A meliai (shapeshifter) (D:9)
  2 manticores
  2 cyclopes
  A meliai (D:13)
  A gargoyle (D:12)
  A rime drake (shapeshifter) (D:9)
  An unseen horror (D:11)
  A komodo dragon (D:11)
  4 kobold demonologists (D:12)
  3 trolls
  2 hornets
  A slime creature (D:13)
  A meliai zombie (D:11)
  Sigmund (D:3)
  3 vampires (D:11)
  4 wraiths
  3 wyverns
  2 shadows
  8 yaks
  A vampire mosquito (D:9)
  A steam dragon (D:9)
  2 wargs
  Menkaure (D:4)
  An acid dragon (D:12)
  2 water moccasins
  3 sky beasts
  13 orc warriors
  A black bear (D:5)
  3 ogres
  3 centaurs
  2 wolves (D:11)
  2 phantoms
  4 kobold brigands
  3 bullfrogs
  Blork the orc (D:4)
  2 gnoll sergeants
  7 scorpions
  A wyvern zombie (D:9)
  9 wights
  14 howler monkeys
  3 bombardier beetles
  A hound (D:7)
  15 orc priests
  4 jellies
  2 gnoll boudas
  A sleepcap (D:7)
  A boggart zombie (D:11)
  26 orc wizards
  6 iguanas
  22 gnolls
  5 adders
  A shadow imp (D:5)
  3 white imps
  A ribbon worm (D:2)
  3 dart slugs
  65 orcs
  5 endoplasms
  11 goblins
  5 hobgoblins
  29 kobolds
  3 quokkas
  7 ball pythons
  19 bats
  5 frilled lizards
  6 rats
396 creatures vanquished.

Vanquished Creatures (others)
  An orc (Orc:2)
1 creature vanquished.

Grand Total: 397 creatures vanquished

Notes
Turn   | Place    | Note
-------+----------+-------------------------------------------
     0 | D:1      | dakkaduck the Minotaur Berserker began the quest for the
                  | Orb.
     0 | D:1      | Reached XP level 1. HP: 19/19 MP: 0/0
    60 | D:1      | Reached skill level 4 in Axes
   152 | D:1      | Reached XP level 2. HP: 26/26 MP: 1/1
   516 | D:1      | Reached ** piety under Trog
   796 | D:1      | Reached skill level 5 in Axes
   952 | D:2      | Found a faded altar of an unknown god.
   960 | D:2      | Reached XP level 3. HP: 31/31 MP: 2/2
  1120 | D:2      | Identified the ring of Lerghaget {+Blink rC- Str+4 Dex+2
                  | Slay+4}
  1533 | D:3      | Noticed Sigmund
  1546 | D:3      | Killed Sigmund
  1547 | D:3      | Reached skill level 7 in Axes
  1547 | D:3      | Reached XP level 4. HP: 27/39 MP: 3/3
  1547 | D:3      | Reached XP level 5. HP: 31/45 MP: 4/4
  1684 | D:3      | Found a sacrificial altar of Ru.
  1761 | D:3      | Reached skill level 8 in Axes
  2168 | D:4      | Noticed Menkaure
  2177 | D:4      | Reached XP level 6. HP: 51/51 MP: 5/5
  2178 | D:4      | Killed Menkaure
  2179 | D:4      | Reached skill level 9 in Axes
  2658 | D:4      | Reached XP level 7. HP: 57/57 MP: 6/6
  2717 | D:4      | Noticed Blork the orc
  2727 | D:4      | Killed Blork the orc
  2728 | D:4      | Reached skill level 10 in Axes
  2817 | D:4      | Found a glowing silver altar of Zin.
  2853 | D:5      | Entered Level 5 of the Dungeon
  3099 | D:5      | Reached skill level 11 in Axes
  3134 | D:5      | Reached *** piety under Trog
  3268 | D:5      | Reached XP level 8. HP: 58/64 MP: 7/7
  3387 | D:6      | Reached skill level 12 in Axes
  3534 | D:6      | Reached skill level 13 in Axes
  3956 | D:6      | Found a staircase to the Ecumenical Temple.
  4086 | D:6      | Found a white marble altar of Elyvilon.
  4352 | D:7      | Reached skill level 14 in Axes
  4427 | D:7      | Reached XP level 9. HP: 70/70 MP: 8/8
  4431 | D:7      | Found a transporter.
  4437 | D:7      | Noticed Flugkiller's ghost (novice VSIE)
  4461 | D:7      | Found a transporter.
  4500 | D:7      | Found a shimmering blue altar of Sif Muna.
  4999 | D:8      | Reached **** piety under Trog
  5001 | D:8      | Reached skill level 15 in Axes
  5406 | D:8      | Identified the +0 leather armour of the Foremost Friars
                  | {rF++ Dex+5 Slay-2}
  6006 | D:9      | Noticed a death yak
  6008 | D:9      | Noticed a death yak
  6011 | D:9      | Noticed a death yak
  6014 | D:9      | Noticed a death yak
  6016 | D:9      | Reached skill level 1 in Shields
  6020 | D:9      | Noticed a death yak
  6022 | D:9      | Killed a death yak
  6023 | D:9      | Reached skill level 16 in Axes
  6023 | D:9      | Noticed a death yak
  6027 | D:9      | Killed a death yak
  6028 | D:9      | Reached skill level 5 in Fighting
  6028 | D:9      | Reached skill level 5 in Armour
  6028 | D:9      | Reached XP level 10. HP: 72/81 MP: 9/9
  6031 | D:9      | Killed a death yak
  6039 | D:9      | Killed a death yak
  6040 | D:9      | Killed a death yak
  6043 | D:9      | Killed a death yak
  6157 | D:9      | Found a staircase to the Lair.
  6244 | D:9      | Found Ihotov's Self-Improvement Boutique.
  6270 | D:9      | Found an opulent altar of Gozag.
  6427 | D:9      | Found a shimmering altar of Xom.
  6586 | D:9      | Noticed a two-headed ogre
  6587 | D:9      | Noticed a meliai
  6592 | D:9      | Killed a meliai
  6593 | D:9      | Reached skill level 5 in Shields
  6593 | D:9      | Reached XP level 11. HP: 92/95 MP: 10/10
  6594 | D:9      | Noticed an entropy weaver
  6598 | D:9      | Killed a two-headed ogre
  6599 | D:9      | Identified the +8 war axe "Ryapsyf" {freeze, *Corrode rC+++
                  | Will+ Str-5 Dex+4}
  6604 | D:9      | Killed an entropy weaver
  6705 | D:9      | Noticed a white ugly thing
  6715 | D:9      | Killed a white ugly thing
  6817 | D:9      | Noticed a two-headed ogre
  6830 | D:9      | Killed a two-headed ogre
  6864 | D:9      | Reached skill level 10 in Armour
  7005 | D:9      | Noticed a red ugly thing
  7009 | D:9      | Killed a red ugly thing
  7010 | D:9      | Reached skill level 10 in Fighting
  7021 | D:9      | Identified the +0 swamp dragon scales of Salvation {rPois
                  | rN+ Regen+ Int-2}
  7172 | D:10     | Entered Level 10 of the Dungeon
  7711 | D:10     | Noticed a two-headed ogre
  7759 | D:10     | Killed a two-headed ogre
  8022 | D:10     | Reached ***** piety under Trog
  8047 | D:10     | Found the +11 Singing Sword {sonic wave}
  8398 | D:11     | Reached skill level 1 in Long Blades
  8419 | D:11     | Noticed a two-headed ogre
  8425 | D:11     | Killed a two-headed ogre
  8426 | D:11     | Reached XP level 12. HP: 75/112 MP: 11/11
  8493 | D:11     | Found a staircase to the Orcish Mines.
  8499 | D:11     | Received a gift from Trog
  8528 | D:11     | You fall into a shaft and drop 2 floors!
  8529 | D:13     | Noticed a four-headed hydra
  8538 | D:13     | Killed a four-headed hydra
  8627 | D:13     | Noticed a tengu warrior
  8636 | D:13     | Killed a tengu warrior
  8641 | D:13     | Reached skill level 5 in Long Blades
  8668 | D:13     | Noticed a boulder beetle
  8867 | D:12     | Noticed Fannar
  8876 | D:12     | Killed Fannar
  8971 | D:12     | Identified a scroll of acquirement
  8971 | D:12     | Acquired the ring "Eptur" {rElec rPois rC+ Dex+6}
  9113 | D:12     | Noticed a two-headed ogre
  9120 | D:12     | Killed a two-headed ogre
 10039 | Orc:1    | Entered Level 1 of the Orcish Mines
 10202 | Orc:1    | Reached XP level 13. HP: 101/122 MP: 4/12
 10421 | Orc:1    | Found Biufan's Book Boutique.
 10573 | Orc:2    | Entered Level 2 of the Orcish Mines
 10617 | Orc:2    | Found a staircase to the Elven Halls.
 10619 | Orc:2    | Found Zeiqa's Distillery.
 10627 | Orc:2    | Paralysed by an orc sorcerer for 5 turns
 10672 | Orc:2    | Bought a potion of resistance for 140 gold pieces
 10672 | Orc:2    | Bought a potion of curing for 42 gold pieces
 10735 | Orc:2    | Received a gift from Trog
 11089 | Orc:2    | Found Xafosid's Antique Weapon Shoppe.
 11223 | Orc:2    | Noticed Saint Roka
 11226 | Orc:2    | Paralysed by an orc sorcerer for 5 turns
 11229 | Orc:2    | Slain by an orc knight

Illustrated notes

Levels and vault maps discovered:
D:1:      lemuel_arrival_muddy, layout_basic, skrybe_limestone_x
D:2:      layout_rooms, shapermc_ecumenical_altar_venn, minmay_fractal_squares_5
D:3:      layout_basic, mainiacjoe_overflow_catwalk, uniq_sigmund
D:4:      layout_cave_pods, zin_treasury, ebering_dispersal_statue_hall,
          uniq_menkaure, uniq_blork_the_orc
D:5:      layout_rooms, abandoned_shop
D:6:      layout_basic, elyvilon_altar_1, minmay_temple_entry_purple_smoke
D:7:      layout_loops_ring, led_sif_book, nzn_ghost_randoct
D:8:      layout_loops_corners
D:9:      regret_index_malice_mire, layout_basic,
          regret_index_xom_buried_treasure, grunt_gozag_statues,
          dpeg_lair_monsters, nicolae_shop_self_help
D:10:     old_forge, layout_basic, interstate_on_off, minmay_hedge_maze
D:11:     layout_loops_ring, minmay_orc_entry_guard_dogs, serial_undead,
          serial_undead_b, serial_undead_d, serial_undead_c, serial_undead_b,
          chequers_mini_garden, hangedman_decor_diamond_cutter, chequers_garden
D:12:     layout_loops_ring, uniq_fannar
D:13:     layout_cross, grunt_vaults_entry_fortified, minmay_shop_mayhem
Orc:1:    layout_caves, serial_shops, shop
Orc:2:    grunt_orc_community_town_hall, layout_caves,
          grunt_orc_community_big_house_2, grunt_orc_community_big_house_2,
          grunt_orc_community_house_3, grunt_orc_community_house_3,
          grunt_orc_community_house_2, grunt_orc_community_house_1,
          serial_shops, shop, lightli_orcish_oven

Skill      XL: |  1  2  3  4  5  6  7  8  9 10 11 12 13 |
---------------+----------------------------------------+-----
Axes           | 4 5 7 8 9 11 14 16 | 16.0
Armour         | 5 8 11 12 | 12.0
Fighting       | 5 8 12 13 14 | 14.4
Shields        | 2 5 6 9 |  9.6
Long Blades    | 2 7 |  7.8
Dodging        | |  2.1

Action                     |  1- 3 |  4- 6 |  7- 9 | 10-12 | 13-15 || total
---------------------------+-------+-------+-------+-------+-------++-------
  Melee: Hand axe          |    76 |    32 |   167 |       |       ||   275
         Headbutt          |    11 |     7 |    46 |    90 |    19 ||   173
         Punch             |     1 |       |     1 |       |       ||     2
         War axe           |       |       |    37 |   174 |       ||   211
         Double sword      |       |       |       |    30 |       ||    30
         Broad axe         |       |       |       |   149 |   103 ||   252
         Flail             |       |       |       |    13 |       ||    13
  Throw: Boomerang         |       |       |       |    28 |       ||    28
 Invoke: Berserk           |     1 |     1 |     4 |     5 |     1 ||    12
         Trog's Hand       |     1 |       |     1 |     2 |       ||     4
    Use: Scroll            |       |       |       |    21 |       ||    21
   Stab: Sleeping          |     1 |       |       |       |       ||     1
 Armour: Animal skin       |    20 |       |       |       |       ||    20
         Scale mail        |    42 |    18 |   105 |       |       ||   165
         Chain mail        |       |       |    24 |    62 |       ||    86
         Swamp dragon scal |       |       |       |   195 |    71 ||   266
  Dodge: Dodged            |    53 |    14 |    67 |   141 |    23 ||   298
  Block: Buckler           |       |       |     2 |   118 |    38 ||   158
